 Dungeon Crawl Stone Soup version 0.30.1-11-g7821555f0a (webtiles) character file.

Game seed: 9640895859613358393

739 WarpedRealm the Slasher (level 7, -1/61 HPs)
             Began as a Minotaur Berserker on Oct 30, 2023.
             Was a Believer of Trog.
             Slain by an orc wizard
             ... wielding a +1 dagger of venom
              (2 damage)
             ... on level 6 of the Dungeon.
             The game lasted 00:13:36 (3317 turns).

WarpedRealm the Slasher (Minotaur Berserker)        Turns: 3317, Time: 00:13:37

Health: -1/61      AC: 10    Str: 24    XL:     7   Next: 46%
Magic:  6/6        EV: 11    Int:  4    God:    Trog [**....]
Gold:   221        SH:  0    Dex:  9    Spells: 6/6 levels left

rFire   . . .        a - +0 falchion
rCold   . . .        (no shield)
rNeg    . . .        j - +0 scale mail
rPois   .            (helmet restricted)
rElec   .            (no cloak)
rCorr   +            g - +2 pair of gloves
SInv    .            (no boots)
Will    .....        (no amulet) Stlth
                     c - ring of resist corrosion
HPRegen 0.30/turn    (no ring)
MPRegen 0.10/turn

%: no passive effects
@: lethally poisoned (-1 -> -19), on berserk cooldown, slowed, very slow
A: horns 2, retaliatory headbutt
a: Renounce Religion, Berserk, Trog's Hand


You were on level 6 of the Dungeon.
You worshipped Trog.
Trog was pleased with you.
You visited 1 branch of the dungeon, and saw 5 of its levels.
You also visited: Sewer.

You collected 221 gold pieces.

Inventory:

Hand Weapons
 a - a +0 falchion (weapon)
Armour
 b - a +0 animal skin
 f - a +0 ring mail
 g - a +2 pair of gloves (worn)
 j - a +0 scale mail (worn)
Jewellery
 c - a ring of resist corrosion (left hand)
Scrolls
 e - 3 scrolls of poison
 i - a scroll of blinking {unknown}
 n - a scroll of fear
Potions
 h - a potion of degeneration
 k - a potion of mutation {unknown}
 l - 2 potions of curing {unknown}
 m - a potion of invisibility {unknown}
 o - a potion of berserk rage
 p - a potion of flight {unknown}
 q - a potion of brilliance {unknown}


   Skills:
 + Level 5.4 Fighting
 + Level 7.3 Long Blades
 + Level 5.4 Armour
 + Level 4.3 Dodging
 + Level 0.1 Stealth


You had 6 spell levels left.
You didn't know any spells.
Your spell library contained the following spells:

 Spells                   Type           Power      Damage    Failure   Level
 Blink                    Tloc           0%         N/A       89%         2
 Lesser Beckoning         Tloc           0%         N/A       89%         2
 Momentum Strike          Conj/Tloc      0%         3d8       89%         2


Dungeon Overview and Level Annotations

Branches:
Dungeon (6/15)              Sewer (visited)
 Temple: D:4-7

Altars:

Shops:
D:5 =


Innate Abilities, Weirdness & Mutations

You have a pair of horns on your head.
You reflexively headbutt those who attack you in melee.


Message History

Something hits you but does no damage.
A water moccasin comes into view.
You feel very sick.
The water moccasin hisses angrily.
A water moccasin is nearby!
A water moccasin is nearby!
A water moccasin is nearby!
Something hits you.
You are more poisoned.
Found 6 poisoned darts.
You feel very sick. Something hits you but does no damage.
You are more poisoned.
You feel very sick.
The water moccasin bites you. x2; The water moccasin barely misses you.
You hit the water moccasin but do no damage.
You headbutt the water moccasin!
The water moccasin is moderately wounded.
You feel very sick. Something hits you but does no damage.
You are more poisoned.
The water moccasin barely misses you. Something hits you but does no damage.
You are lethally poisoned!
The water moccasin bites you.
You slash the water moccasin!
The water moccasin is heavily wounded.
* * * LOW HITPOINT WARNING * * *
You feel extremely sick.
The water moccasin bites you but does no damage.
Something hits you but does no damage.
You are more poisoned.
You hit the water moccasin.
Your headbutt misses the water moccasin.
The water moccasin is severely wounded.
* * * LOW HITPOINT WARNING * * *
You feel extremely sick. The water moccasin bites you.
* * * LOW HITPOINT WARNING * * *
Something hits you.
You die...

# ##. ##... ####
#.....##########...
......S@{.....##.#
#.....#######)...##
##.(. #.....####
##. #.)#...... #
#.....###
#....#######
#...........
###..####### #..#


You could see a water moccasin.

Vanquished Creatures
  2 water moccasins
  A phantom (D:5)
  A scorpion (D:6)
  A hound (D:5)
  2 orc priests
  A jelly (D:6)
  Jessica (D:2)
  An iguana (D:5)
  3 orc wizards
  7 adders
  An ufetubus (D:5)
  A worm (D:2)
  2 dart slugs (D:1)
  10 orcs
  3 ball pythons
  4 endoplasms
  3 giant cockroaches
  3 goblins
  4 hobgoblins
  6 jackals
  3 kobolds
  9 bats
  2 frilled lizards
  8 rats
79 creatures vanquished.

Notes
Turn   | Place    | Note
-------+----------+-------------------------------------------
     0 | D:1      | WarpedRealm the Minotaur Berserker began the quest for the
                  | Orb.
     0 | D:1      | Reached XP level 1. HP: 19/19 MP: 0/0
   254 | D:1      | Reached XP level 2. HP: 26/27 MP: 1/1
   262 | D:1      | Reached skill level 4 in Long Blades
   585 | D:1      | Found a faded altar of an unknown god.
   825 | D:1      | Reached ** piety under Trog
   826 | D:1      | Reached XP level 3. HP: 33/34 MP: 2/2
  1347 | D:2      | Reached XP level 4. HP: 41/41 MP: 3/3
  1361 | D:2      | Reached skill level 5 in Long Blades
  1539 | D:2      | Noticed Jessica
  1570 | D:2      | Killed Jessica
  1896 | D:3      | You fall into a shaft and drop 2 floors!
  1896 | D:5      | Entered Level 5 of the Dungeon
  1958 | D:5      | Noticed a phantom
  1970 | D:5      | Killed a phantom
  1971 | D:5      | Reached XP level 5. HP: 45/47 MP: 4/4
  2201 | D:5      | Found Ethilag's Jewellery Shop.
  2234 | D:5      | Noticed a water moccasin
  2250 | D:5      | Killed a water moccasin
  2251 | D:5      | Reached skill level 5 in Fighting
  2251 | D:5      | Reached skill level 6 in Long Blades
  2251 | D:5      | Reached XP level 6. HP: 19/56 MP: 5/5
  2979 | D:6      | Found a glowing drain.
  3031 | Sewer    | Entered a sewer
  3063 | Sewer    | Noticed a water moccasin
  3071 | Sewer    | Killed a water moccasin
  3072 | Sewer    | Reached XP level 7. HP: 61/61 MP: 6/6
  3246 | D:6      | Reached skill level 7 in Long Blades
  3248 | D:6      | Reached skill level 5 in Armour
  3317 | D:6      | HP: 1/61 [water moccasin (4)]
  3317 | D:6      | Slain by an orc wizard

Illustrated notes

Levels and vault maps discovered:
D:1:      giann_wishing_wells, layout_basic,
          shapermc_ecumenical_altar_notcrosses
D:2:      layout_loops_ring, grunt_ministairs_13, uniq_jessica
D:3:      minmay_evil_eye, layout_loops_ring, mainiacjoe_overflow_big_doors
D:5:      layout_loops_ring, serial_shops, shop
D:6:      layout_loops_ring, ebering_ghost_xom, gup_sewer_entry_glass

Skill      XL: |  1  2  3  4  5  6  7 |
---------------+----------------------+-----
Long Blades    | 4 5 6 7 |  7.3
Fighting       | 4 5 |  5.4
Armour         | 3 4 5 |  5.4
Dodging        | 3 4 |  4.3
Stealth        | |  0.1

Action                     |  1- 3 |  4- 6 |  7- 9 || total
---------------------------+-------+-------+-------++-------
  Melee: Falchion          |    72 |   112 |    21 ||   205
         Headbutt          |    11 |    13 |     9 ||    33
         Punch             |       |     2 |       ||     2
 Invoke: Berserk           |       |     2 |     2 ||     4
    Use: Potion            |     1 |     2 |       ||     3
         Scroll            |       |     6 |     2 ||     8
 Armour: Animal skin       |    14 |       |       ||    14
         Ring mail         |    10 |       |       ||    10
         Scale mail        |     1 |    76 |    16 ||    93
  Dodge: Dodged            |    53 |    96 |    13 ||   162
